 Dungeon Crawl Stone Soup version 0.29-a0-1006-g0dd7720b37 (webtiles) character file.

Game seed: 11818298726036142702

79 gelatine the Chopper (level 4, -5/33 HPs)
             Began as a Demonspawn Gladiator on Aug 6, 2022.
             Killed by divine providence
             ... invoked by an orc priest
              (11 damage)
             ... on level 3 of the Dungeon.
             The game lasted 00:03:44 (2494 turns).

gelatine the Chopper (Demonspawn Gladiator)         Turns: 2494, Time: 00:03:45

Health: -5/33      AC:  9    Str: 17    XL:     4   Next: 17%
Magic:  4/4        EV: 10    Int:  9    God:
Gold:   131        SH:  0    Dex: 14    Spells: 3/3 levels left

rFire   . . .      SeeInvis .   a - +0 war axe
rCold   . . .      Faith    .   (no shield)
rNeg    . . .      Spirit   .   i - +0 scale mail
rPois   .          Reflect  .   c - +0 helmet
rElec   .          Harm     .   (no cloak)
rCorr   .          Rampage  .   q - +0 pair of gloves
Will    .....                   o - +0 pair of boots
Stlth   ..........              (no amulet)
HPRegen 0.11/turn               (no ring)
MPRegen 0.09/turn               (no ring)

@: no status effects
A: foul stench 2, powered by pain 1
a: no special abilities


You were on level 3 of the Dungeon.
You visited 1 branch of the dungeon, and saw 3 of its levels.

You collected 131 gold pieces.

Inventory:

Hand Weapons
 a - a +0 war axe (weapon)
 n - a +0 dagger
Armour
 b - a +0 leather armour
 c - a +0 helmet (worn)
 i - a +0 scale mail (worn)
 o - a +0 pair of boots (worn)
 q - a +0 pair of gloves (worn)
Scrolls
 h - 3 scrolls of identify {unknown}
 k - a scroll of butterflies {unknown}
 l - 2 scrolls of poison {unknown}
 m - a scroll of enchant weapon {unknown}
Potions
 f - a potion of attraction {unknown}
 g - a potion of haste {unknown}
 j - a potion of degeneration {unknown}
 p - 2 potions of curing {unknown}


   Skills:
 + Level 2.3 Fighting
 + Level 4.0 Axes
 + Level 1.8 Throwing
 + Level 0.8 Armour
 + Level 3.0 Dodging


You had 3 spell levels left.
You didn't know any spells.
Your spell library was empty.

Dungeon Overview and Level Annotations

Branches:
Dungeon (3/15)

Altars:


Innate Abilities, Weirdness & Mutations

You sometimes emit foul miasma when damaged in melee.
You sometimes gain a little power by taking damage.


Message History

Press: ? - help, Q - select action, (/) - cycle Shift-Dir - straight line, f/p - orc priest
Aim: an orc priest, wielding a +0 morningstar (entangled in a net, 89% to hit)
You throw a throwing net. The throwing net hits the orc priest.
The orc priest struggles against the net.
Throw: javelin
Press: ? - help, Q - select action Shift-Dir - straight line, f/p - orc priest
Aim: an orc priest, wielding a +0 morningstar (entangled in a net, 89% to hit)
You throw a javelin.
The javelin pierces through the orc priest but does no damage.
A quokka comes into view.
The orc priest struggles against the net.
Unknown command.
The orc priest shouts!
The orc priest mumbles some strange prayers to Beogh against you.
Beogh smites you!
* * * LOW HITPOINT WARNING * * *
The orc priest struggles against the net.
The orc closely misses you.
You see here a ball python corpse.
The orc attacks as you move away! The orc hits you but does no damage.
The orc priest struggles against the net.
The orc priest struggles against the net.
The orc attacks as you move away! The orc closely misses you.
The orc priest struggles against the net.
The net rips apart, and the orc priest comes free!
You slash the orc!
You kill the orc!
The orc priest looks braver for a moment.
You hit the quokka.
The quokka is severely wounded.
The quokka bites you.
* * * LOW HITPOINT WARNING * * *
You emit a cloud of foul miasma!
The quokka attacks as you move away! The quokka misses you.
The quokka is engulfed in dark miasma.
The quokka is poisoned.
You hit the quokka.
You kill the quokka!
The orc priest invokes the aid of Beogh against you.
Beogh smites you!
You die...

#.#####.######........
#...........##......##
######.......#......#
#.........#.....#
####.........##...##
#..........))######
#.##...............#
#.#####.......##...#
#...@.#.....### ..
#####.#.......
#.#....... #†########
#.oo..†((#
#######....... .....##
....... .......


You could see 2 orc priests.

Vanquished Creatures
  2 adders
  A worm (D:2)
  6 orcs
  5 ball pythons
  3 bats
  9 endoplasms
  2 goblins (D:2)
  2 hobgoblins (D:1)
  3 jackals (D:1)
  4 kobolds
  3 quokkas
  A frilled lizard (D:1)
  5 rats
46 creatures vanquished.

Vanquished Creatures (others)
  A plant (D:1)
1 creature vanquished.

Grand Total: 47 creatures vanquished

Notes
Turn   | Place    | Note
-------+----------+-------------------------------------------
     0 | D:1      | gelatine the Demonspawn Gladiator began the quest for the
                  | Orb.
     0 | D:1      | Reached XP level 1. HP: 16/16 MP: 1/1
   203 | D:1      | Reached skill level 3 in Axes
   275 | D:1      | Gained mutation: You may rarely emit foul miasma when
                  | damaged in melee. [demonic ancestry]
   275 | D:1      | Reached XP level 2. HP: 21/22 MP: 2/2
  1310 | D:2      | Gained mutation: You sometimes gain a little power by
                  | taking damage. [demonic ancestry]
  1310 | D:2      | Reached XP level 3. HP: 21/27 MP: 3/3
  2395 | D:3      | Gained mutation: You sometimes emit foul miasma when
                  | damaged in melee. [demonic ancestry]
  2395 | D:3      | Reached XP level 4. HP: 31/33 MP: 4/4
  2412 | D:3      | Reached skill level 4 in Axes
  2494 | D:3      | Killed from afar by an orc priest

Illustrated notes

Levels and vault maps discovered:
D:1:      matt_arrival_los_fun, layout_rooms, serial_bayou_lagoon_b
D:2:      layout_basic
D:3:      layout_rooms, grunt_temple_overflow_lords_of_destruction,
          trog_hazing_becter, old_standard_altar,
          mainiacjoe_overflow_small_starburst, serial_co_window_serial,
          co_window_corner_a, co_window_paths_b, co_window_corner_a,
          co_window_paths_a, co_window_of_opportunity_a, co_window_broadway_c,
          co_window_of_opportunity_c, co_window_of_opportunity_c,
          co_window_broadway_a, co_window_cross_4, co_window_paths_c,
          co_window_paths_e, glass_columns_a, glass_columns_a, glass_columns_a,
          glass_columns_b, glass_columns_a, chequers_serial_rivers_micro_c,
          uniq_jessica

Skill      XL: |  1  2  3  4 |
---------------+-------------+-----
Axes           | 3 4 |  4.0
Dodging        | 3 |  3.0
Fighting       | |  2.3
Throwing       | |  1.8
Armour         | |  0.8

Action                   |  1- 3 |  4- 6 || total
-------------------------+-------+-------++-------
Melee: War axe           |   109 |    14 ||   123
       Punch             |     1 |       ||     1
Throw: Throwing net      |       |     3 ||     3
       Javelin           |       |     1 ||     1
Armor: Leather armour    |    24 |     2 ||    26
       Scale mail        |       |     2 ||     2
Dodge: Dodged            |    72 |    10 ||    82

Table legend: (Time is in decaauts)
 A = Elapsed time spent in this place.
 B = Non-inter-level travel time spent in this place.
 C = Inter-level travel time spent in this place.
 D = Time resting spent in this place.
 E = Time spent auto-exploring this place.
 F = Levels seen in this place.
 G = Mean time per level.
                   A        B        C        D        E       F      G
               +--------+--------+--------+--------+--------+-----+--------+
         Total |   2549 |   2450 |     99 |      0 |   2028 |   3 |  849.7 |
       Dungeon |   2549 |   2450 |     99 |      0 |   2028 |   3 |  849.7 |
               +--------+--------+--------+--------+--------+-----+--------+

Top non-repeatable levels by time:
     D:2: 1530 daAuts
     D:1: 908 daAuts
     D:3: 110 daAuts
